AoeStats
← home-print1

Arabia

508083330Analyzed
2v2 RM · 12d ago on Sep 20, 2026· 19m 40s· 4 players
Game mode
Random Map
Map size
Medium (4 player)
Population
200
Speed
Normal
Resources
Standard
Victory
Conquest
Starting age
Dark Age
Ending age
Imperial Age
RankedLock teamsTeams togetherTeam positionsShared explorationLock speedFull tech treeHidden civsTurbo modeCheats
Victory
Defeat
🇩🇪 Ethiopians · Germany
1204
+15
🇩🇪 Berbers · Germany
1199
+17
🇲🇽 Bulgarians · Mexico
1192
-16
🇲🇽 Goths · Mexico
1191
-16
cobian.1234
9:17 Feudal Age
10:48 Double-Bit Axe
11:04 Loom
home-print1
5:28 Loom
9:55 Feudal Age
cordlaboe
6:42 Loom
9:22 Feudal Age
10:25 Double-Bit Axe
10:59 Horse Collar
19:30 Castle Age
17:49 Forging
18:12 Bloodlines
18:15 Scale Barding Armor
18:22 Bloodlines
Johnyxash
6:55 Loom
9:41 Feudal Age
10:08 Double-Bit Axe
12:52 Horse Collar
14:23 Fletching
Connection lost

Rejoining the realm…

Still unreachable

The connection could not be restored.

Session expired

The server has moved on; the page needs a fresh start.